 Dungeon Crawl Stone Soup version 0.29.1-14-g9c671dbff4 (webtiles) character file.

Game seed: 9639434013374790609

894 Sanktem7 the Trooper (level 7, -2/67 HPs)
             Began as a Minotaur Fighter on Feb 17, 2023.
             Slain by a gnoll sergeant
             ... wielding a +6 trident of protection
              (7 damage)
             ... on level 6 of the Dungeon.
             The game lasted 00:07:15 (3731 turns).

Sanktem7 the Trooper (Minotaur Fighter)             Turns: 3731, Time: 00:07:15

Health: -2/67      AC: 10    Str: 23    XL:     7   Next: 78%
Magic:  6/6        EV:  9    Int:  5    God:
Gold:   126        SH: 10    Dex: 17    Spells: 6/6 levels left

rFire   . . .      SeeInvis .   j - +7 trident of Calamity {flame, Dex+2, polearm}
rCold   . . .      Faith    .   c - +0 buckler
rNeg    . . .      Spirit   .   b - +0 scale mail
rPois   .          Reflect  +   v - +1 hat
rElec   .          Harm     .   (no cloak)
rCorr   .          Rampage  .   (no gloves)
Will    .....                   e - +1 pair of boots
Stlth   ..........              m - amulet of reflection
HPRegen 0.21/turn               a - +6 ring of dexterity
MPRegen 0.10/turn               (no ring)

@: no status effects
A: horns 2, retaliatory headbutt
a: no special abilities


You were on level 6 of the Dungeon.
You visited 1 branch of the dungeon, and saw 6 of its levels.

You collected 171 gold pieces.
You spent 45 gold pieces at shops.


Innate Abilities, Weirdness & Mutations

You have a pair of horns on your head.
You reflexively headbutt those who attack you in melee.


   Skills:
 * Level 7.7 Fighting
 - Level 3.6(5.3) Axes
 * Level 5.8(6.3) Polearms
 + Level 5.9 Armour
 - Level 3.6 Shields


You had 6 spell levels left.
You didn't know any spells.
Your spell library contained the following spells:

 Spells                   Type           Power      Damage    Failure   Level
 Apportation              Tloc           0%         N/A       86%         1
 Magic Dart               Conj           0%         1d3       86%         1
 Call Imp                 Summ           0%         N/A       94%         2
 Mephitic Cloud           Conj/Pois/Air  0%         N/A       99%         3
 Alistair's Intoxication  Tmut/Pois      0%         N/A       100%        5

Inventory:

Hand Weapons
 j - the +7 trident of Calamity (weapon) {flame, Dex+2, polearm}
   (You found it on level 2 of the Dungeon)

   It burns those it strikes, dealing additional fire damage.
   Dex:       It affects your dexterity (+2).
 k - a +0 mace of holy wrath {mace}
   (You took it off Robin on level 2 of the Dungeon)
 C - a +0 arbalest {crossbow}
   (You found it on level 6 of the Dungeon)
Missiles
 f - 31 stones (quivered) {throwing}
 z - 2 javelins {throwing}
 A - a throwing net {=f!fthrowing}
Armour
 b - a +0 scale mail (worn)
 c - a +0 buckler (worn)
 e - a +1 pair of boots (worn)
   (You found it on level 1 of the Dungeon)
 v - a +1 hat (worn)
   (You found it on level 3 of the Dungeon)
Jewellery
 a - a +6 ring of dexterity (left hand)
   (You found it on level 2 of the Dungeon)
 m - an amulet of reflection (around neck)
   (You found it on level 2 of the Dungeon)
Wands
 p - a wand of flame (25)
   (You found it on level 3 of the Dungeon)
Scrolls
 i - 3 scrolls of identify {unknown}
 l - 2 scrolls of poison {unknown}
 n - a scroll of enchant armour {unknown}
 o - a scroll of enchant weapon {unknown}
 q - a scroll of silence {unknown}
 r - 2 scrolls of teleportation {unknown}
 y - a scroll of immolation {unknown}
 B - a scroll of blinking {unknown}
Potions
 d - a potion of might
 g - 3 potions of cancellation {unknown}
 h - 2 potions of resistance {unknown}
 s - a potion of haste {@q3}
 t - a potion of curing {@q1}
 u - 2 potions of lignification {unknown}
 w - 2 potions of attraction {unknown}
 x - a potion of brilliance {unknown}

Dungeon Overview and Level Annotations

Branches:
Dungeon (7/15) Zot: 26966  Temple (0/1) D:4

Altars:
The Shining One

Shops:
D:7

! ........#######
..............>.#
...............$# .
................#...
....................
.................<..
..................##
..=...hl........###
.....go@........#
####.#)#..........
..gg###......##.
....o ..(.#### .
....... ##...#
..(#... #.....
##..... ......
###... ####


You could see a gnoll sergeant, an iguana, a hound, 2 gnolls and 2 orcs.


Message History

The gnoll shouts! x2
The gnoll closely misses you.
An iguana comes into view.
The iguana hisses angrily.
You puncture the gnoll! You burn the gnoll.
You kill the gnoll!
You hear a shout!
An orc comes into view. It is wielding a +0 dagger.
You block the gnoll's attack.
An orc comes into view. It is wielding a +0 whip.
You reach to attack!
You puncture the gnoll! You burn the gnoll.
You kill the gnoll!
You block the gnoll's attack.
You hit the orc. You burn the orc.
A hound comes into view.
You block the orc's attack.
The gnoll hits you from afar with a +0 spear.
The hound barks!
You hit the orc. You burn the orc.
You kill the orc!
You block the gnoll's attack.
You reach to attack!
You barely miss the gnoll sergeant. The gnoll barely misses you.
You reach to attack!
You puncture the gnoll sergeant! You burn the gnoll sergeant.
You block the gnoll's attack. You block the gnoll sergeant's attack.
You reach to attack!
You hit the gnoll sergeant but do no damage.
The gnoll misses you.
The gnoll sergeant hits you from afar with a +6 trident of protection.
You reach to attack!
The gnoll sergeant blocks your attack. The gnoll hits you but does no damage.
You block the gnoll sergeant's attack. You block the gnoll's attack. 😕 HP[-5]
You take 5 damage, and now have 60/67 hp.
You reach to attack!
You puncture the gnoll sergeant! You burn the gnoll sergeant.
The gnoll barely misses you.
The gnoll sergeant hits you from afar with a +6 trident of protection.
The gnoll hits you but does no damage.
You reach to attack!
You hit the gnoll sergeant but do no damage.
The gnoll throws a throwing net.
The throwing net hits you.
You become entangled in the net!
The gnoll sergeant hits you from afar with a +6 trident of protection!
The gnoll hits you but does no damage. 😮 HP[-11]
You take 11 damage, and now have 49/67 hp.
You struggle against the net.
The gnoll hits you but does no damage. The gnoll closely misses you.
The gnoll sergeant hits you from afar with a +6 trident of protection!!
* * * LOW HITPOINT WARNING * * *
😨 HP[-18]
You take 18 damage, and now have 31/67 hp.
MASSIVE DAMAGE!! (PAUSE)
You struggle against the net.
The orc barely misses you. You furiously retaliate!
You headbutt the orc.
The gnoll hits you from afar with a +0 spear.
* * * LOW HITPOINT WARNING * * *
The gnoll hits you but does no damage.
The gnoll sergeant hits you but does no damage. 😨 HP[-4]
You take 4 damage, and now have 27/67 hp.
You struggle against the net.
The hound bites you.
* * * LOW HITPOINT WARNING * * *
The gnoll hits you but does no damage.
The gnoll sergeant hits you from afar with a +6 trident of protection.
* * * LOW HITPOINT WARNING * * *
The orc barely misses you.
The gnoll hits you from afar with a +0 halberd!
* * * LOW HITPOINT WARNING * * *
The hound bites you but does no damage. 😱 HP[-20]
You take 20 damage, and now have 7/67 hp.
MASSIVE DAMAGE!! (PAUSE)
You feel better. The hound bites you but does no damage.
The gnoll closely misses you.
The gnoll sergeant hits you but does no damage.
The orc closely misses you.
The gnoll hits you from afar with a +0 halberd.
* * * LOW HITPOINT WARNING * * *
😱 HP[+5]
You regained 5 hp, and now have 12/67 hp.
You rip the net and break free!
You block the hound's attack.
The iguana hisses menacingly.
You block the gnoll's attack.
The gnoll sergeant hits you from afar with a +6 trident of protection.
* * * LOW HITPOINT WARNING * * *
The gnoll barely misses you. You block the orc's attack.
The hound bites you but does no damage. 😱 HP[-3]
You take 3 damage, and now have 9/67 hp.
You hit the orc but do no damage. The hound bites you.
* * * LOW HITPOINT WARNING * * *
The iguana bites you but does no damage.
The gnoll throws a throwing net.
You reflect the throwing net off an invisible shield around you!
The throwing net misses the gnoll.
The gnoll hits you but does no damage.
The gnoll sergeant hits you from afar with a +6 trident of protection!
You die...

Skill      XL: |  1  2  3  4  5  6  7 |
---------------+----------------------+-----
Fighting       | 4 5 6 7 |  7.7
Axes           | 3 |  3.6
Armour         | 4 5 |  5.9
Polearms       | 1 2 3 4 5 |  5.8
Shields        | |  3.6

Action                   |  1- 3 |  4- 6 |  7- 9 || total
-------------------------+-------+-------+-------++-------
Melee: War axe           |    70 |       |       ||    70
       Headbutt          |     9 |     7 |     2 ||    18
       Trident           |     3 |    84 |    44 ||   131
  Use: Potion            |       |       |     1 ||     1
Armor: Scale mail        |    47 |    20 |    21 ||    88
Dodge: Dodged            |    33 |    27 |    14 ||    74
Block: Buckler           |    15 |    36 |    21 ||    72
       Reflection        |       |     2 |     1 ||     3

Levels and vault maps discovered:
D:1:      psy_arrival_statuary, layout_basic, dreamdust_ecumenical_altar_grove,
          nrook_campfire
D:2:      layout_basic, uniq_robin, uniq_terence
D:3:      layout_loops_corners, uniq_grinder
D:4:      layout_loops_cross, nicolae_tso_swordbearing_angel,
          minmay_temple_entry_statues_fountains, uniq_edmund
D:6:      layout_rooms, evilmike_ruin_ashenzari,
          amethyst_overflow_temple_binary, uniq_eustachio, uniq_menkaure
D:7:      layout_basic, nicolae_wu_jian_immortal_techniques, lemuel_round_altar,
          serial_shops, nicolae_square_shop, hangedman_abyss_or_decor_passed

Notes
Turn   | Place    | Note
-------+----------+-------------------------------------------
     0 | D:1      | Sanktem7 the Minotaur Fighter began the quest for the Orb.
     0 | D:1      | Reached XP level 1. HP: 19/19 MP: 0/0
     0 | D:1      | magus.rc [v1.9.6]
   155 | D:1      | Reached XP level 2. HP: 27/27 MP: 1/1
   188 | D:1      | Reached skill level 4 in Fighting
   195 | D:1      | Found a faded altar of an unknown god.
   258 | D:1      | Reached skill level 3 in Axes
   720 | D:2      | Reached skill level 4 in Armour
   720 | D:2      | Reached XP level 3. HP: 30/33 MP: 2/2
   758 | D:2      | You pick up a book of Minor Magic and begin reading...
   758 | D:2      | You add the spells Magic Dart, Call Imp and Mephitic Cloud
                  | to your library.
   762 | D:2      | Identified the +7 trident of Calamity {flame, Dex+2}
   813 | D:2      | Identified the +0 helmet of Ennui {Dex+4}
   813 | D:2      | Noticed Robin
   825 | D:2      | Killed Robin
  1060 | D:2      | Noticed Terence
  1065 | D:2      | Killed Terence
  1066 | D:2      | Reached skill level 1 in Polearms
  1066 | D:2      | Reached XP level 4. HP: 37/41 MP: 3/3
  1363 | D:2      | Reached skill level 5 in Fighting
  1369 | D:2      | Reached skill level 2 in Polearms
  1369 | D:2      | Reached XP level 5. HP: 40/48 MP: 4/4
  2370 | D:3      | Noticed Grinder
  2377 | D:3      | Killed Grinder
  2378 | D:3      | Reached skill level 6 in Fighting
  2378 | D:3      | Reached skill level 3 in Polearms
  2378 | D:3      | Reached skill level 5 in Armour
  2378 | D:3      | Reached XP level 6. HP: 27/57 MP: 5/5
  2579 | D:3      | You pick up a book of Party Tricks and begin reading...
  2579 | D:3      | You add the spells Apportation and Alistair's Intoxication
                  | to your library.
  2859 | D:4      | Noticed Edmund
  2868 | D:4      | Killed Edmund
  2869 | D:4      | Reached skill level 4 in Polearms
  3234 | D:4      | Found a staircase to the Ecumenical Temple.
  3287 | D:4      | Reached XP level 7. HP: 64/64 MP: 6/6
  3396 | D:4      | Reached skill level 7 in Fighting
  3412 | D:4      | Reached skill level 5 in Polearms
  3452 | D:4      | Found a glowing golden altar of the Shining One.
  3508 | D:4      | You fall into a shaft and drop 3 floors!
  3543 | D:7      | Found Icheun's Distillery.
  3550 | D:7      | Bought a potion of curing for 45 gold pieces
  3728 | D:6      | HP: 7/67 [gnoll/+0 halberd[a gnoll sergeant] (13)]
  3731 | D:6      | Slain by a gnoll sergeant

Vanquished Creatures
  Grinder (D:3)
  Edmund (D:4)
  An ogre (D:7)
  A necrophage (D:7)
  2 howler monkeys (D:7)
  A gnoll bouda (D:4)
  Terence (D:2)
  An iguana (D:4)
  Robin (D:2)
  15 gnolls
  2 adders
  A white imp (D:6)
  2 ufetubi (D:4)
  2 dart slugs
  An orc (D:6)
  5 ball pythons
  4 bats
  7 endoplasms
  5 giant cockroaches
  13 goblins
  4 hobgoblins
  8 jackals
  7 quokkas
  5 frilled lizards
  8 kobolds
  4 rats
103 creatures vanquished.

Table legend:
 A = Non-vault XP
 B = Vault XP
 C = Vault XP percentage of total XP
 D = Non-vault monster count
 E = Vault monster count
 F = Vault count percentage of total count
                 A         B        C        D         E       F
            +---------+---------+-------+---------+---------+-------
      Total |     763 |     515 |  40.3 |      90 |      13 |  12.6
            +---------+---------+-------+---------+---------+-------
        D:1 |      34 |       0 |   0.0 |      20 |       0 |   0.0
        D:2 |     105 |      68 |  39.3 |      26 |      11 |  29.7
        D:3 |      38 |     281 |  88.1 |      15 |       1 |   6.2
        D:4 |     233 |     166 |  41.6 |      21 |       1 |   4.5
        D:6 |      42 |       0 |   0.0 |       4 |       0 |   0.0
        D:7 |     311 |       0 |   0.0 |       4 |       0 |   0.0
            +---------+---------+-------+---------+---------+-------

Illustrated notes

Table legend:
 A = Kills in this place as a percentage of kills in entire the game.
 B = Kills by you in this place as a percentage of kills by you in the entire game.
 C = Kills by friends in this place as a percentage of kills by friends in the entire game.
 D = Other kills in this place as a percentage of other kills in the entire game.
 E = Experience gained in this place as a percentage of experience gained in the entire game.
 F = Experience gained in this place divided by the number of levels of this place that you have seen.
                   A       B       C       D       E      F
               +-------+-------+-------+-------+-------+----------------------
         Total | 100.0 | 100.0 |   N/A |   N/A | 100.0 | 213.0
       Dungeon | 100.0 | 100.0 |   N/A |   N/A | 100.0 | 213.0
               +-------+-------+-------+-------+-------+----------------------

Table legend: (Time is in decaauts)
 A = Elapsed time spent in this place.
 B = Non-inter-level travel time spent in this place.
 C = Inter-level travel time spent in this place.
 D = Time resting spent in this place.
 E = Time spent auto-exploring this place.
 F = Levels seen in this place.
 G = Mean time per level.
                   A        B        C        D        E       F      G
               +--------+--------+--------+--------+--------+-----+--------+
         Total |   3772 |   3640 |    132 |      0 |   2943 |   6 |  628.7 |
       Dungeon |   3772 |   3640 |    132 |      0 |   2943 |   6 |  628.7 |
               +--------+--------+--------+--------+--------+-----+--------+

Top non-repeatable levels by time:
     D:2: 1268 daAuts
     D:3: 989 daAuts
     D:4: 673 daAuts
     D:1: 617 daAuts
     D:7: 191 daAuts
     D:6: 32 daAuts
